 Dungeon Crawl Stone Soup version 0.29.1-14-g9c671dbff4 (webtiles) character file.

Game seed: 13790259318597766383

739 croobank the Sneak (level 7, -1/45 HPs)
             Began as an Octopode Fire Elementalist on Feb 16, 2023.
             Slain by a lemure (4 damage)
             ... led by Pikel
             ... on level 4 of the Dungeon.
             The game lasted 00:15:51 (5967 turns).

croobank the Sneak (Octopode Fire Elementalist)     Turns: 5967, Time: 00:15:52

Health: -1/45      AC:  1    Str:  7    XL:     7   Next: 75%
Magic:  4/12       EV: 14    Int: 20    God:
Gold:   238        SH:  0    Dex: 12    Spells: 10/13 levels left

rFire   . . .      SeeInvis .   A - +1 rapier (vamp)
rCold   . . .      Faith    .   (no shield)
rNeg    . . .      Spirit   .   (helmet restricted)
rPois   .          Reflect  .   g - amulet of the acrobat
rElec   .          Harm     .   (no ring)
rCorr   .          Rampage  .   (no ring)
Will    .....                   (no ring)
Stlth   ++++......              (no ring)
HPRegen 0.15/turn               (no ring)
MPRegen 0.13/turn               (no ring)
                                (no ring)
                                (no ring)

@: very slightly contaminated
A: almost no armour, amphibious, 8 rings, camouflage 1, gelatinous body 1,
(nimble swimmer 1), tentacles
a: no special abilities


You were on level 4 of the Dungeon.
You visited 1 branch of the dungeon, and saw 5 of its levels.

You collected 316 gold pieces.
You spent 78 gold pieces at shops.

Inventory:

Hand Weapons
 e - a +0 short sword
 i - a +0 dagger of draining
 x - a +0 quarterstaff
 y - a +0 war axe
 A - a +1 vampiric rapier (weapon)
Missiles
 d - 4 atropa-tipped darts
 j - 16 poisoned darts
 q - 2 curare-tipped darts (quivered)
 w - a boomerang
Magical Staves
 r - a staff of poison
Jewellery
 g - an amulet of the acrobat (around mantle)
Scrolls
 b - a scroll of enchant armour
 f - 2 scrolls of amnesia {unknown}
 n - 2 scrolls of fear {unknown}
 p - a scroll of poison {unknown}
 s - 2 scrolls of silence {unknown}
 u - 5 scrolls of identify {unknown}
 v - 2 scrolls of teleportation {unknown}
Potions
 a - 3 potions of magic
 c - 2 potions of berserk rage {unknown}
 h - 2 potions of heal wounds {unknown}
 k - 3 potions of flight {unknown}
 l - 4 potions of curing
 m - 3 potions of brilliance {unknown}
 o - a potion of mutation {unknown}
 t - a potion of cancellation {unknown}
 z - 2 potions of lignification {unknown}


   Skills:
 + Level 2.2 Fighting
 + Level 4.0 Dodging
 + Level 5.5 Stealth
 + Level 3.7 Spellcasting
 + Level 3.4 Conjurations
 + Level 4.5 Fire Magic


You had 10 spell levels left.
You knew the following spells:

 Your Spells              Type           Power      Damage    Failure   Level
a - Foxfire               Conj/Fire      76%        2x1d7     2%          1
b - Scorch                Fire           44%        2d7       3%          2

Your spell library contained the following spells:

 Spells                   Type           Power      Damage    Failure   Level
 Shock                    Conj/Air       40%        1d5       6%          1
 Conjure Flame            Conj/Fire      19%        6-21      8%          3
 Inner Flame              Hex/Fire       12%        N/A       16%         3
 Flame Wave               Conj/Fire      19%        2d7       26%         4
 Swiftness                Air            3%         N/A       36%         3
 Airstrike                Air            1%         2d(1-17)  78%         4


Dungeon Overview and Level Annotations

Branches:
Dungeon (5/15)
 Temple: D:4-7

Altars:
Hepliaklqana

Shops:
D:4 *

Annotations:
D:5 Pikel


Innate Abilities, Weirdness & Mutations

You cannot wear most types of armour.
You are amphibious.
You can wear up to eight rings at the same time.
Your skin changes colour to match your surroundings (Stealth+).
Your rubbery body absorbs attacks. (AC +1, EV +1)
((You are camouflaged when in or above water. (Stealth+)))
You have tentacles for arms and can constrict up to eight enemies at once.


Message History

Okay, then.
Okay, then.
Okay, then.
Casting: Scorch (safe; 3% risk of failure)
Confirm with . or Enter, or press ? or * to list all spells.
Flames lash the gnoll.
The gnoll is almost dead.
The gnoll's fire resistance burns away.
The gnoll hits you with a +0 whip. The lemure hits you!
The gnoll barely misses you.
Casting: Scorch (safe; 3% risk of failure)
Confirm with . or Enter, or press ? or * to list all spells.
You miscast Scorch.
You are very lightly contaminated with residual magic.
Nothing appears to happen.
The gnoll hits you with a +0 whip. The lemure hits you.
The gnoll barely misses you.
Casting: Scorch (safe; 3% risk of failure)
Confirm with . or Enter, or press ? or * to list all spells.
Flames lash the gnoll.
The gnoll is severely wounded.
The gnoll's fire resistance burns away.
The gnoll hits you with a +0 whip! The lemure barely misses you.
The gnoll hits you with a +0 flail!
* * * LOW HITPOINT WARNING * * *
You feel better. The gnoll barely misses you. The lemure closely misses you.
The gnoll barely misses you.
You feel better. The gnoll closely misses you. The lemure barely misses you.
The gnoll hits you with a +0 flail.
You hit the gnoll but do no damage. Your grab misses the gnoll.
The gnoll is almost dead.
The gnoll is no longer more vulnerable to fire.
The gnoll hits you with a +0 whip. The lemure hits you.
* * * LOW HITPOINT WARNING * * *
The gnoll closely misses you.
Casting: Scorch (safe; 3% risk of failure)
Confirm with . or Enter, or press ? or * to list all spells.
Flames lash the gnoll.
The gnoll is burned terribly!
You kill the gnoll!
The gnoll hits you with a +0 whip!
* * * LOW HITPOINT WARNING * * *
The lemure hits you.
You die...

##.†....... #..#.#.....
##^##.#.....
###..##.#.....
#...###.##+##. #.###
#.##.##.
##########.#####.##..'.
#....g.5.......#.#####.
#.####@)...............
#.# #########.#######.
#.# #.# #. #.# #.# #.
#.# #.# #. #.#
########.# #. #.#
#.....##.# #. #.#
#.....##.# #####' #.#
#.....##.# #.....


You could see a lemure and a gnoll.

Vanquished Creatures
  Menkaure (D:4)
  An ogre (D:5)
  A phantom (D:4)
  4 jellies
  An orc priest (D:3)
  Jessica (D:3)
  3 iguanas (D:4)
  An orc wizard (D:3)
  2 gnolls (D:4)
  6 adders
  A worm (D:4)
  2 dart slugs
  8 orcs (D:3)
  5 bats
  16 endoplasms
  4 giant cockroaches
  8 goblins
  8 hobgoblins
  4 jackals (D:1)
  16 kobolds
  3 quokkas
  7 ball pythons
  A frilled lizard (D:1)
  6 rats (D:1)
110 creatures vanquished.

Vanquished Creatures (others)
  206 foxfires
  7 fungi (D:2)
  12 toadstools (D:2)
225 creatures vanquished.

Grand Total: 335 creatures vanquished

Notes
Turn   | Place    | Note
-------+----------+-------------------------------------------
     0 | D:1      | croobank the Octopode Fire Elementalist began the quest for
                  | the Orb.
     0 | D:1      | Reached XP level 1. HP: 11/11 MP: 3/3
   216 | D:1      | Reached XP level 2. HP: 17/17 MP: 1/5
   227 | D:1      | Reached skill level 3 in Stealth
   572 | D:1      | Found a faded altar of an unknown god.
   597 | D:1      | Reached XP level 3. HP: 20/21 MP: 1/6
   604 | D:1      | Learned a level 2 spell: Scorch
  1806 | D:2      | Reached XP level 4. HP: 22/27 MP: 4/7
  2139 | D:2      | Reached XP level 5. HP: 31/31 MP: 4/9
  2405 | D:2      | Reached skill level 4 in Stealth
  3103 | D:3      | Noticed Jessica
  3108 | D:3      | Killed Jessica
  3534 | D:3      | Reached XP level 6. HP: 27/37 MP: 1/10
  3945 | D:3      | Found a hazy altar of Hepliaklqana.
  3946 | D:3      | Found a faded altar of an unknown god.
  4182 | D:4      | Identified the +1 ring mail of Nebeicon {Rampage Int+2 SInv
                  | Stlth-}
  4228 | D:4      | Reached skill level 1 in Fighting
  4454 | D:4      | Found Daosmues's General Store.
  4897 | D:5      | Entered Level 5 of the Dungeon
  4902 | D:5      | Reached XP level 7. HP: 43/43 MP: 4/12
  4998 | D:4      | Noticed Menkaure
  5004 | D:4      | Killed Menkaure
  5005 | D:4      | Reached skill level 5 in Stealth
  5477 | D:4      | Bought 2 potions of curing for 78 gold pieces
  5958 | D:5      | Noticed Pikel
  5967 | D:4      | Slain by a lemure

Illustrated notes

Levels and vault maps discovered:
D:1:      dpeg_arrival_rooms_c, layout_basic,
          hellmonk_ecumenical_altar_slurped_away
D:2:      cheibrodos_fertilizer, layout_loops_ring, minmay_misc_feat_roman
D:3:      layout_basic, beargit_hepliaklqana_dungeon_heroes, chequers_garden,
          uniq_jessica
D:4:      layout_basic, serial_shops, nicolae_inconvenience_store,
          minmay_goblin_kobold_house, uniq_menkaure
D:5:      layout_rooms, kennysheep_mini_moat, minmay_misc_feat_cross,
          uniq_pikel, uniq_prince_ribbit1

Skill      XL: |  1  2  3  4  5  6  7 |
---------------+----------------------+-----
Stealth        | 3 4 5 |  5.5
Conjurations   | 2 3 |  3.4
Dodging        | 3 4 |  4.0
Spellcasting   | 3 |  3.7
Fire Magic     | 4 |  4.5
Fighting       | 1 2 |  2.2

Action                   |  1- 3 |  4- 6 |  7- 9 || total
-------------------------+-------+-------+-------++-------
Melee: Unarmed           |     8 |       |       ||     8
       Tentacles         |     5 |    15 |     1 ||    21
       Constrict         |     5 |    11 |     1 ||    17
       Short sword       |    22 |    52 |       ||    74
       Rapier            |       |     7 |     2 ||     9
 Cast: Foxfire           |    60 |    56 |    10 ||   126
       Scorch            |       |    21 |    18 ||    39
  Use: Scroll            |       |     1 |       ||     1
       Potion            |       |       |     3 ||     3
 Stab: Sleeping          |     4 |     5 |       ||     9
Armor: Skin              |     1 |     5 |     1 ||     7
Dodge: Dodged            |    21 |    42 |    35 ||    98
